 Dungeon Crawl Stone Soup version 0.18-a0-33-g9e10395 (webtiles) character file.

560 MrRokkomies the Skirmisher (level 7, -6/58 HPs)
             Began as a Formicid Assassin on Nov 5, 2015.
             Mangled by a white ugly thing (31 damage)
             ... on level 13 of the Dungeon.
             The game lasted 00:02:16 (641 turns).

MrRokkomies the Skirmisher (Formicid Assassin)       Turns: 641, Time: 00:02:16

Health: -6/58      AC:  3    Str: 16    XL:     7   Next: 57%
Magic:  7/7        EV: 14    Int: 12    God:
Gold:   19         SH:  0    Dex: 12    Spells: 0 memorised, 6 levels left

rFire  . . .     SeeInvis +     b - +0 blowgun
rCold  . . .     Clarity  .     c - +0 robe
rNeg   . . .     SustAt   .     (no shield)
rPois  .         Gourm    .     (helmet unavailable)
rElec  .         Spirit   .     d - +0 cloak
rCorr  .         Warding  .     (no gloves)
rMut   .         Stasis   +     (no boots)
MR     .....                    (no amulet)
Stlth  +++.......               (no ring)
                                (no ring)

@: not resistant to hostile enchantments, fairly stealthy
A: permanent stasis, dig shafts and tunnels, four strong arms, antennae 3
a: Dig, Shaft Self


You were on level 13 of the Dungeon.
You were near starving.

You visited 1 branch of the dungeon, and saw 8 of its levels.

You collected 19 gold pieces.

Inventory:

Hand Weapons
 a - a +2 dagger
 b - a +0 blowgun (weapon)
 k - a +0 flail
Missiles
 e - 2 poisoned needles (quivered)
 f - a curare-tipped needle
Armour
 c - a +0 robe (worn)
 d - a +0 cloak (worn)
Scrolls
 h - a scroll of identify {unknown}
 j - a scroll of teleportation {unknown}
Potions
 i - a potion of flight {unknown}
Comestibles
 g - a bread ration


   Skills:
 * Level 6.2 Fighting
 - Level 2.0 Short Blades
 - Level 1.5 Throwing
 * Level 4.8 Dodging
 - Level 4.8 Stealth


You had 6 spell levels left.
You didn't know any spells.

Dungeon Overview and Level Annotations

Branches:
Dungeon (13/15)
 Temple: D:4-7         Lair: D:8-11         Orc: D:9-12      Vaults: D:13-14

Altars:


Innate Abilities, Weirdness & Mutations

You are under a permanent stasis effect.
You can dig through walls and to a lower floor.
Your four strong arms can wield two-handed weapons with a shield.
You have a pair of large antennae on your head (SInv).


Message History

Aim: a white ugly thing (moderately wounded, slow, poisoned)
You shoot a poisoned needle.
The poisoned needle hits the white ugly thing!
The white ugly thing is moderately wounded.
Firing (i - inventory):
e - a poisoned needle (quivered)
Press: ? - help, Shift-Dir - straight line, f/p - white ugly thing
Aim: a white ugly thing (moderately wounded, slow, poisoned)
You shoot a poisoned needle.
The poisoned needle hits the white ugly thing!
The white ugly thing is moderately wounded.
The white ugly thing is no longer moving slowly.
You see here 2 poisoned needles.
e - 2 poisoned needles The white ugly thing tail-slaps you.
The white ugly thing freezes you!!
You see here a poisoned needle.
You see here a curare-tipped needle.
f - a curare-tipped needle The white ugly thing tail-slaps you!
The white ugly thing freezes you!!
Ouch! That really hurt!
You die...

## #.#.# .#
#.#.##.# #.#..#.#
#.##.#.# #.##.#.#
##......#
##.###.###
####.u.##.#
+....@..#.#
####.(.##.#
##.###.# ### #.#
####.# #+# #....#
#.##########.#^.#
#..........#.>.##
##..........##.##


You could see a white ugly thing.

Vanquished Creatures
  A hill giant (D:13)
  A soldier ant (D:13)
  An orc (D:13)
3 creatures vanquished.

Notes
Turn   | Place    | Note
--------------------------------------------------------------
     0 | D:1      | MrRokkomies the Formicid Assassin began the quest for the Orb.
     0 | D:1      | Reached XP level 1. HP: 16/16 MP: 1/1
     9 | D:1      | You fall through a shaft!
    19 | D:2      | You fall through a shaft!
    22 | D:3      | You fall through a shaft for 2 floors!
    22 | D:5      | Entered Level 5 of the Dungeon
    25 | D:5      | You fall through a shaft!
    25 | D:6      | Noticed a water moccasin
    25 | D:6      | Noticed a sky beast
    28 | D:6      | You fall through a shaft for 2 floors!
    31 | D:8      | You fall through a shaft for 2 floors!
    31 | D:10     | Entered Level 10 of the Dungeon
    34 | D:10     | You fall through a shaft for 3 floors!
   414 | D:13     | Noticed a soldier ant
   423 | D:13     | Killed a soldier ant
   423 | D:13     | Reached XP level 2. HP: 21/25 MP: 2/2
   423 | D:13     | Reached XP level 3. HP: 25/30 MP: 3/3
   423 | D:13     | Reached XP level 4. HP: 30/37 MP: 4/4
   423 | D:13     | Reached XP level 5. HP: 34/42 MP: 5/5
   434 | D:13     | Noticed a hill giant
   464 | D:13     | Killed a hill giant
   464 | D:13     | Reached skill level 6 in Fighting
   464 | D:13     | Reached XP level 6. HP: 44/52 MP: 6/6
   464 | D:13     | Reached XP level 7. HP: 49/58 MP: 7/7
   606 | D:13     | Noticed a hill giant
   615 | D:13     | Noticed a white ugly thing
   641 | D:13     | Mangled by a white ugly thing

Vault maps used:
D:1:      dpeg_arrival_more_subterranean_lakeside_camping,
          hangedman_decor_points, minivault_11
D:2:      nemelex_spade_bored_becter
D:3:      wad_crossroads, first_bread
D:5:      minmay_opposing_rooms
D:6:      serial_shops, shop, serial_bayou_pond_a
D:8:      grunt_lair_entry_elf_guard_hut, serial_shops, shop, special_room
D:10:     david_orc_3, serial_shops, nicolae_shop_behind_doors, shop, shop,
          uniq_sonja, uniq_joseph
D:13:     grunt_tengu_nest, uniq_maurice

Action                   |  1- 3 |  4- 6 |  7- 9 || total
-------------------------+-------+-------+-------++-------
 Fire: Blowgun           |     4 |     9 |     8 ||    21
 Abil: Shaft Self        |     7 |       |       ||     7
 Stab: Sleeping          |     1 |     1 |     2 ||     4
